 Dungeon Crawl Stone Soup version 0.14-a0-2381-g4cacdb4 (webtiles) character file.

24340 Mitsuki the Cleaver (level 12, -8/97 HPs)
             Began as a Demonspawn Fighter on Feb 2, 2014.
             Was a High Priest of Okawaru.
             Mangled by a red ugly thing (9 damage)
             ... on Level 13 of the Dungeon.
             The game lasted 00:50:10 (14072 turns).

Mitsuki the Cleaver (Demonspawn Fighter)           Turns: 14072, Time: 00:50:11

HP  -8/97        AC 21     Str 20      XL: 12   Next: 74%
MP   0/23        EV 13     Int 11      God: Okawaru [*****.]
Gold 648         SH 13     Dex 15      Spells:  0 memorised, 11 levels left

rFire  . . .     SeeInvis +     B - +2,+4 hand axe (flame)
rCold  + + +     Clarity  +     u - +0 plate armour
rNeg   . . .     Conserve .     a - +2 buckler "Liutatt" {rC++ Int+2 Curse}
rPois  +         rCorr    .     N - +2 helmet {SInv}
rElec  +         rRot     .     K - +0 cloak of Starlight {rElec rC+ EV+4 Stlth-}
SustAb . .       Spirit   +     x - +4 pair of gloves "Tym Abai" {+Inv rPois}
rMut   .         Warding  .     (boots unavailable)
Saprov . . .     Stasis   .     (no amulet)
MR     .....                    e - ring of magical power
                                c - ring of flight

@: not resistant to hostile enchantments, extremely unstealthy
A: hooves 3, repulsion field 2, clarity, deformed body, poison resistance,
powered by pain 1, wild magic 1, magic shield
a: Heroism, Finesse, Renounce Religion, Evoke Invisibility, Evoke Flight


You were on level 13 of the Dungeon.
You worshipped Okawaru.
Okawaru was extremely pleased with you.
You were not hungry.

You visited 2 branches of the dungeon, and saw 14 of its levels.

You collected 648 gold pieces.

Inventory:

Hand weapons
 y - a +2,+4 war axe
 B - a +2,+4 hand axe of flaming (weapon)
Armour
 a - the +2 buckler "Liutatt" (worn) {rC++ Int+2 Curse}
   (You found it on level 5 of the Dungeon)

   It affects your intelligence (+2).
   It greatly protects you from cold.
   It may recurse itself when equipped.
 p - a +0 helmet
 u - a +0 plate armour (worn)
 x - the +4 pair of gloves "Tym Abai" (worn) {+Inv rPois}
   (You found it on level 4 of the Dungeon)

   It protects you from poison.
   It lets you turn invisible.
 K - the +0 cloak of Starlight (worn) {rElec rC+ EV+4 Stlth-}
   (You found it on level 11 of the Dungeon)

   It affects your evasion (+4).
   It protects you from cold.
   It insulates you from electricity.
   It makes you much less stealthy.
 N - a +2 helmet of see invisible (worn)
Magical devices
 g - a wand of frost (8)
 n - a wand of confusion (12)
 E - a wand of draining (3)
Comestibles
 b - 3 meat rations
 d - 7 bread rations
 o - 10 apricots
 q - 18 bananas
Scrolls
 f - 2 scrolls of identify
 h - 2 scrolls of remove curse
 j - 2 scrolls of amnesia
 k - 7 scrolls of magic mapping
 m - 2 scrolls of curse jewellery
 s - a scroll of blinking
 z - a scroll of enchant weapon II
 G - 2 scrolls of fog
 M - a scroll of enchant armour
Jewellery
 c - a ring of flight (left hand)
 e - a ring of magical power (right hand)
 L - a cursed +2 ring of protection {unknown}
Potions
 l - 10 potions of curing
 t - 4 potions of invisibility
 v - 3 potions of heal wounds
 w - 2 potions of restore abilities
 C - 2 potions of might
Books
 i - a book of Beasts

   Spells                             Type                      Level
   Summon Butterflies                 Summoning                    1
   Sticks to Snakes                   Transmutation                2
   Call Canine Familiar               Summoning                    3
   Ice Form                           Ice/Transmutation            4
   Summon Ice Beast                   Ice/Summoning                4
   Summon Hydra                       Summoning                    7
 F - a book of Air

   Spells                             Type                      Level
   Shock                              Conjuration/Air              1
   Swiftness                          Charms/Air                   2
   Repel Missiles                     Charms/Air                   2
   Flight                             Charms/Air                   3
   Static Discharge                   Conjuration/Air              3
   Lightning Bolt                     Conjuration/Air              5


   Skills:
 + Level 10.2 Fighting
 + Level 12.4 Axes
 + Level 11.9 Armour
 - Level 5.5 Shields
 - Level 1.5 Invocations


You had 11 spell levels left.
You didn't know any spells.

Dungeon Overview and Level Annotations

Branches:
Dungeon (13/16)            Temple (0/1) D:6             Orc (0/4) D:9
   Lair (1/8) D:8

Altars:
Elyvilon
Okawaru
Sif Muna
Xom
The Shining One

Shops:
D:6 (   D:7 *


Innate Abilities, Weirdness & Mutations

You have hooves in place of feet.
You are surrounded by a moderate repulsion field (EV +3).
You sometimes gain a little power by taking damage.
When hurt, damage is shared between your health and your magic reserves.
You possess an exceptional clarity of mind.
Armour fits poorly on your strangely shaped body.
Your system is resistant to poisons.
Your spells are a little harder to cast, but a little more powerful.


Message History

You block the yaktaur captain's attack.
You hit the yaktaur captain. You burn the yaktaur captain.
You kick the yaktaur captain!
The yaktaur captain is almost dead.
The tengu reaver hits you from afar with a halberd.
* * * LOW HITPOINT WARNING * * *
The yaktaur captain hits you but does no damage.
You slash the yaktaur captain! You burn the yaktaur captain.
You kill the yaktaur captain!
Okawaru appreciates your kill.
You hit the red ugly thing. Your kick misses the red ugly thing.
The red ugly thing is lightly wounded.
The tengu reaver hits you but does no damage.
You closely miss the red ugly thing.
The red ugly thing is lightly wounded.
The red ugly thing trunk-slaps you.
* * * LOW HITPOINT WARNING * * *
You are engulfed in flames!
One of your 3 scrolls of identify catches fire!
You die...

... ..# ..# .C#..#
###.#..# ...#..#
Hz#..# #u#..# #@#..#
#.#..# #(#..# ##.#(.#
##.(#..# ##...#..#
####....#..#
............# #####
#######(...#####...##


You could see a frost giant, a tengu reaver, a red ugly thing and a wight.

Vanquished Creatures
  2 ettins (D:12)
  A yaktaur captain (D:13)
  3 hydras
  A wizard (D:13)
  2 unseen horrors
  4 hill giants
  An elephant (D:8)
  2 cyclopes (D:12)
  A yaktaur (D:13)
  Grinder (D:5)
  A hydra zombie (D:12)
  A troll (D:12)
  A polar bear (D:9)
  3 slime creatures (D:11)
  3 two-headed ogres
  2 wraiths (D:12)
  A griffon skeleton (D:10)
  A basilisk (D:11)
  A hungry ghost (D:12)
  5 ugly things
  2 wyverns
  A shark (D:9)
  An elephant slug (D:8)
  A steam dragon (D:11)
  3 hippogriffs (D:11)
  A manticore (shapeshifter) (D:12)
  19 yaks
  2 wolves (D:9)
  A deep dwarf (D:10)
  A soldier ant (D:12)
  A mottled dragon (D:13)
  5 orc warriors
  3 yellow wasps
  5 ice beasts
  4 sky beasts
  2 ogres
  3 giant goldfish (D:7)
  2 phantoms
  An orc skeleton (D:12)
  Duvessa (D:5)
  3 centaurs
  9 giant frogs
  6 big kobolds
  A cyclops zombie (D:11)
  A water moccasin (D:8)
  4 wights (D:11)
  5 jellyfish
  A halfling (D:4)
  7 electric eels
  Dowan (D:5)
  3 crimson imps
  A killer bee (D:9)
  2 giant frog skeletons
  A basilisk zombie (D:11)
  4 orc priests
  A yellow wasp zombie (D:9)
  A giant frog zombie (D:5)
  A two-headed ogre zombie (D:11)
  5 hounds
  2 jellies
  3 scorpions
  2 centaur skeletons
  7 orc wizards
  3 big fish
  2 quasits
  2 iguanas
  11 worker ants
  6 sheep
  A giant frog simulacrum (D:9)
  A mottled dragon zombie (D:12)
  An ogre zombie (D:10)
  Ijyb (D:5)
  2 mummies
  10 adders
  2 giant mites
  A white imp (D:9)
  2 ufetubi (D:9)
  6 worms
  An adder zombie (D:4)
  An iguana skeleton (D:8)
  4 giant eyeballs
  2 giant geckos
  19 orcs
  15 bats
  A bat zombie (D:4)
  5 giant cockroaches
  10 goblins
  12 hobgoblins
  3 quokkas
  7 giant newts
  A giant spore (D:12)
  3 goblin zombies
  A hobgoblin skeleton (D:4)
  4 jackals
  A jackal zombie (D:4)
  37 kobolds
  An orc zombie (D:4)
  A quokka skeleton (D:4)
  13 rats
  11 ballistomycetes
  4 fungi (D:7)
  A plant (D:4)
376 creatures vanquished.

Vanquished Creatures (others)
  An electric eel (D:7)
  2 halflings (D:4)
  A quokka (D:2)
  2 giant spores
  A ballistomycete (D:12)
7 creatures vanquished.

Grand Total: 383 creatures vanquished

Notes
Turn   | Place    | Note
--------------------------------------------------------------
     0 | D:1      | Mitsuki, the Demonspawn Fighter, began the quest for the Orb.
     0 | D:1      | Reached XP level 1. HP: 18/18 MP: 1/1
   194 | D:1      | Gained mutation: You are surrounded by a mild repulsion field (EV +2). [demonic ancestry]
   194 | D:1      | Reached XP level 2. HP: 24/24 MP: 2/2
   874 | D:2      | Gained mutation: You are surrounded by a moderate repulsion field (EV +3). [demonic ancestry]
   874 | D:2      | Reached XP level 3. HP: 27/29 MP: 3/3
  1144 | D:2      | Found a white marble altar of Elyvilon.
  1334 | D:2      | Reached skill level 4 in Shields
  1334 | D:2      | Reached XP level 4. HP: 27/35 MP: 4/4
  2206 | D:4      | Reached skill level 5 in Shields
  2206 | D:4      | Gained mutation: When hurt, damage is shared between your health and your magic reserves. [demonic ancestry]
  2206 | D:4      | Reached XP level 5. HP: 32/41 MP: 5/5
  2239 | D:4      | Got a pair of crude gloves
  2243 | D:4      | Identified the +4 pair of gloves "Tym Abai" {+Inv rPois} (You found it on level 4 of the Dungeon)
  2599 | D:4      | Noticed a big kobold
  2629 | D:4      | Killed a big kobold
  2629 | D:4      | Reached XP level 6. HP: 44/47 MP: 6/6
  2837 | D:4      | Found a glowing golden altar of the Shining One.
  3175 | D:5      | Entered Level 5 of the Dungeon
  3324 | D:5      | Noticed Ijyb
  3362 | D:5      | Killed Ijyb
  3437 | D:5      | Noticed Duvessa
  3458 | D:5      | Noticed Dowan
  3463 | D:5      | Killed Duvessa
  3463 | D:5      | Gained mutation: You have large cloven feet. [demonic ancestry]
  3463 | D:5      | Reached XP level 7. HP: 48/53 MP: 7/7
  3487 | D:5      | Killed Dowan
  3704 | D:5      | Got a bloodstained buckler
  3710 | D:5      | Identified the +2 buckler "Liutatt" {rC++ Int+2 Curse} (You found it on level 5 of the Dungeon)
  3747 | D:5      | Noticed Grinder
  3786 | D:5      | Paralysed by Grinder for 4 turns
  3798 | D:5      | Paralysed by Grinder for 6 turns
  3813 | D:5      | Killed Grinder
  3813 | D:5      | Reached skill level 5 in Armour
  3997 | D:5      | Found a deep blue altar of Sif Muna.
  4026 | D:5      | Gained mutation: You sometimes gain a little power by taking damage. [demonic ancestry]
  4026 | D:5      | Reached XP level 8. HP: 61/61 MP: 8/8
  4284 | D:6      | Reached skill level 5 in Fighting
  4314 | D:6      | Reached skill level 5 in Axes
  4368 | D:6      | Paralysed by a giant eyeball for 4 turns
  4401 | D:6      | Found Ledghirya's Weapon Shoppe.
  4420 | D:6      | Got a polished buckler
  4425 | D:6      | Found an iron altar of Okawaru.
  4436 | D:6      | Became a worshipper of Warmaster Okawaru
  4474 | D:6      | Identified the cursed -4 buckler of Salvation {Dex+5 Int+3} (You found it on level 6 of the Dungeon)
  4618 | D:6      | Found a staircase to the Ecumenical Temple.
  4767 | D:7      | Found Claezir's Assorted Antiques.
  5107 | D:7      | Reached skill level 6 in Axes
  5515 | D:7      | Reached XP level 9. HP: 67/69 MP: 9/9
  5623 | D:7      | Acquired Okawaru's first power
  5677 | D:7      | Got a polished battleaxe
  5745 | D:7      | Identified the +7,+8 battleaxe of the Five Planets {holy, rElec rPois} (You found it on level 7 of the Dungeon)
  6094 | D:7      | Paralysed by a giant eyeball for 2 turns
  6098 | D:7      | Paralysed by a giant eyeball for 3 turns
  7000 | D:7      | Reached skill level 7 in Armour
  7324 | D:8      | Found a staircase to the Lair.
  7324 | D:8      | Noticed an elephant
  7339 | D:8      | Killed an elephant
  7339 | D:8      | Reached skill level 1 in Invocations
  7952 | D:8      | Reached skill level 8 in Armour
  8077 | D:8      | Gained mutation: You have hoof-like feet. [demonic ancestry]
  8077 | D:8      | Reached XP level 10. HP: 63/77 MP: 12/12
  8109 | D:8      | Got a flickering bone ring
  8119 | D:8      | Identified the ring "Feujoqif" {SustAb Str+1 Int-5} (You found it on level 8 of the Dungeon)
  8267 | D:8      | Found a shimmering altar of Xom.
  8389 | Lair:1   | Entered Level 1 of the Lair of Beasts
  8396 | Lair:1   | Gained mutation: You possess an exceptional clarity of mind. [potion of mutation]
  8396 | Lair:1   | Gained mutation: Your spells are a little harder to cast, but a little more powerful. [potion of mutation]
  8396 | Lair:1   | Gained mutation: You are robust (+10% HP). [potion of mutation]
  8397 | Lair:1   | Gained mutation: You are weak. (Str -2) [potion of mutation]
  8397 | Lair:1   | Lost mutation: You are robust (+10% HP). [potion of mutation]
  8484 | D:9      | Found a staircase to the Orcish Mines.
  9189 | D:9      | Reached skill level 9 in Armour
  9717 | D:10     | Entered Level 10 of the Dungeon
 10094 | D:10     | Reached XP level 11. HP: 33/86 MP: 9/13
 10308 | D:10     | Paralysed by a giant eyeball for 2 turns
 10311 | D:10     | Paralysed by a giant eyeball for 3 turns
 10317 | D:10     | Paralysed by a giant eyeball for 4 turns
 10462 | D:10     | Reached skill level 10 in Axes
 10472 | D:10     | Acquired Okawaru's second power
 10860 | D:10     | Killed an unseen horror
 10860 | D:10     | Reached skill level 10 in Armour
 10919 | D:11     | Noticed a hill giant
 10931 | D:11     | Killed a hill giant
 11135 | D:10     | Gained mutation: Your system is resistant to poisons. [mutagenic meat]
 11136 | D:10     | Gained mutation: Armour fits poorly on your strangely shaped body. [mutagenic meat]
 11137 | D:10     | Lost mutation: You are weak. (Str -2) [mutagenic meat]
 11248 | D:11     | Paralysed by a giant eyeball for 3 turns
 11363 | D:11     | Killed an unseen horror
 11701 | D:11     | Received a gift from Okawaru
 11927 | D:12     | Reached skill level 11 in Axes
 12033 | D:12     | Noticed a seven-headed hydra
 12320 | D:12     | Killed a one-headed hydra
 12320 | D:12     | Gained mutation: You have hooves in place of feet. [demonic ancestry]
 12320 | D:12     | Reached XP level 12. HP: 64/95 MP: 14/14
 12443 | D:12     | Noticed an eight-headed hydra
 12462 | D:12     | Killed a hydra
 12773 | D:12     | Noticed a hill giant
 12780 | D:12     | Killed a hill giant
 13117 | D:12     | Noticed an ettin
 13122 | D:12     | Killed an ettin
 13125 | D:12     | Received a gift from Okawaru
 13414 | D:12     | Noticed an ettin
 13439 | D:12     | Killed an ettin
 13832 | D:12     | Reached skill level 12 in Axes
 14008 | D:13     | Paralysed by a wizard for 3 turns
 14034 | D:13     | Noticed a six-headed hydra
 14043 | D:13     | Noticed a tengu reaver
 14044 | D:13     | Reached skill level 10 in Fighting
 14045 | D:13     | Noticed a yaktaur captain
 14053 | D:13     | Killed a hydra
 14067 | D:13     | Noticed a frost giant
 14069 | D:13     | HP: 3/97 [tengu reaver/halberd (3)]
 14070 | D:13     | Killed a yaktaur captain
 14072 | D:13     | HP: 1/97 [red ugly thing (3)]
 14072 | D:13     | Mangled by a red ugly thing

Action                   |  1- 3 |  4- 6 |  7- 9 | 10-12 || total
-------------------------+-------+-------+-------+-------++-------
Melee: Hand axe          |   129 |   360 |   454 |   274 ||  1217
       War axe           |       |       |       |   432 ||   432
Invok: Heroism           |       |       |     2 |       ||     2
 Abil: Evoke Flight      |       |       |     3 |       ||     3
       Stop Flying       |       |       |     1 |       ||     1
Evoke: Wand              |       |       |       |     2 ||     2
  Use: Scroll            |       |       |    22 |     6 ||    28
       Potion            |       |       |       |    11 ||    11
 Stab: Fleeing           |       |       |       |     1 ||     1
